 Seeded DCSS version 0.28.0-62-gf88900778d (webtiles) character file.

Game seed: 1571206919640347824 (custom seed)

799 cbfl8 the Unbeliever (level 7, -31/53 HPs)
             Began as a Demonspawn Fighter on July 5, 2023.
             Killed by an exploding mummy (46 damage)
             ... ignited by their inner flame
             ... on level 5 of the Dungeon.
             The game lasted 00:06:37 (5935 turns).

cbfl8 the Unbeliever (Demonspawn Fighter)           Turns: 5935, Time: 00:06:38

Health: -31/53     AC: 16    Str: 17    XL:     7   Next: 59%
Magic:  9/9        EV:  7    Int:  9    God:
Gold:   101        SH: 11    Dex: 20    Spells: 6/6 levels left

rFire   . . .      SeeInvis .   a - +0 war axe (venom)
rCold   + . .      Faith    .   c - +0 buckler
rNeg    . . .      Spirit   .   d - +2 chain mail {rPois}
rPois   +          Reflect  +   k - +0 helmet
rElec   .          Harm     .   b - +0 cloak
rCorr   .          Rampage  .   (no gloves)
Will    .....                   (no boots)
Stlth   ..........              v - amulet of reflection
HPRegen 0.17/turn               g - +6 ring of dexterity
MPRegen 0.11/turn               m - ring of protection from cold

@: no status effects
A: thin metallic scales 2, demonic touch 2
a: no special abilities


You were on level 5 of the Dungeon.
You visited 1 branch of the dungeon, and saw 5 of its levels.

You collected 222 gold pieces.
You spent 121 gold pieces at shops.

Inventory:

Hand Weapons
 a - a +0 war axe of venom (weapon)
Armour
 b - a +0 cloak (worn)
 c - a +0 buckler (worn)
 d - a +2 chain mail of poison resistance (worn)
 k - a +0 helmet (worn)
Jewellery
 g - a +6 ring of dexterity (left hand)
 m - a ring of protection from cold (right hand)
 v - an amulet of reflection (around neck)
Scrolls
 i - a scroll of enchant armour
 u - a scroll of blinking {unknown}
 w - a scroll of summoning {unknown}
 x - a scroll of teleportation {unknown}
Potions
 h - 2 potions of lignification {unknown}
 j - 2 potions of curing
 l - a potion of magic {unknown}
 o - 2 potions of attraction {unknown}
 t - 3 potions of haste {unknown}


   Skills:
 + Level 3.8 Fighting
 + Level 3.7 Axes
 * Level 2.7 Throwing
 + Level 3.8 Armour
 + Level 0.8 Dodging
 + Level 1.3 Stealth
 + Level 3.5 Shields
 * Level 3.9 Invocations
 * Level 3.0 Evocations


You had 6 spell levels left.
You didn't know any spells.
Your spell library contained the following spells:

 Spells                   Type           Power      Damage    Failure   Level
 Blink                    Tloc           0%         N/A       100%        2
 Manifold Assault         Tloc           0%         N/A       100%        5
 Storm Form               Tmut/Air       0%         N/A       100%        7


Dungeon Overview and Level Annotations

Branches:
Dungeon (5/15)
 Temple: D:4-7

Altars:
Elyvilon
Sif Muna

Shops:
D:1 (   D:4 *

Portals:
Ossuary: D:5

Annotations:
D:5 Pikel


Innate Abilities, Weirdness & Mutations

You are mostly covered in thin metallic scales. (AC +3)
Your touch may inflict irresistible damage on your foes.


Message History

You hit the mummy but do no damage.
A lemure comes into view.
Okay, then.
You completely miss the mummy. You block the mummy's attack.
A lemure comes into view.
You hit the mummy.
The mummy is moderately damaged.
The mummy hits you but does no damage.
You barely miss the mummy.
The mummy is moderately damaged.
You block the mummy's attack.
As you read the scroll labelled ETZELO VODIAT, it crumbles to dust.
You feel aware of your surroundings.
You sensed 2 altars.
It was a scroll of magic mapping.
As you read the scroll labelled IHOATA ETICVENT, it crumbles to dust.
It is a scroll of brand weapon.
Your +0 war axe drips with poison.
a - a +0 war axe of venom (weapon)
Pikel hits you with a +1 whip of flaming!
Pikel burns you. The lemure hits you. You block the mummy's attack.
Unknown command.
As you read the scroll labelled VORGHI LAQI, it crumbles to dust.
The creatures around you are filled with an inner flame!
It was a scroll of immolation.
Pikel hits you with a +1 whip of flaming!
Pikel burns you. The lemure hits you but does no damage.
An adder comes into view.
The mummy hits you but does no damage.
As you read the scroll labelled VIATUS ORAMAE, it crumbles to dust.
You speak a Word of immense power!
The lemure convulses!
That felt strangely unrewarding.
The lemure convulses!
That felt strangely unrewarding.
The lemure convulses!
That felt strangely unrewarding.
The mummy convulses!
You are blasted by holy energy!
* * * LOW HITPOINT WARNING * * *
It was a scroll of holy word.
The mummy explodes!
The fiery explosion engulfs you!!!
Ouch! That really hurt!
You die...

*** ##...,*,,,,*#
######....###,,,.##
#........##.#*,...#*
#.......###'###....**
#......#.......#,,,,**
##.....###.....###,,,,**********
.'....##.##...##§#*,,,,.,>,,,,,*
##...###'###.###§###S...*,******
##..............@.......*,*******
*#......###.##...K......,,,,,,,,,
,##.##### #............#,,**,***,
,....,,,**####.....##...,,**,***,
......,,**,* #)......,..,,,,,,,,,
......,,**,* #......#.*.,,**,***,
......,,**,* #......#,##.,*#.* #.
.......,**,* #...##.#,*#5.##.###.
,,,,,,,,**,* *,,,**,*,##..#......


You could see Pikel (inner flame) and an adder.

Vanquished Creatures
  Edmund (D:5)
  3 ogres
  4 lemures
  2 phantoms
  3 wights (D:3)
  A hound (D:5)
  A hound skeleton (D:3)
  A mummy (D:5)
  4 adders
  A dart slug (D:3)
  6 orcs (D:4)
  7 endoplasms
  2 giant cockroaches
  3 goblins
  5 hobgoblins
  2 jackals (D:1)
  5 quokkas
  8 ball pythons
  5 bats
  3 frilled lizards
  4 kobolds
  2 kobold zombies (D:5)
  A rat (D:1)
74 creatures vanquished.

Notes
Turn   | Place    | Note
-------+----------+-------------------------------------------
     0 | D:1      | cbfl8 the Demonspawn Fighter began the quest for the Orb.
     0 | D:1      | Reached XP level 1. HP: 18/18 MP: 1/1
   269 | D:1      | Reached skill level 1 in Invocations
   279 | D:1      | Gained mutation: Your touch may inflict minor irresistible
                  | damage on your foes. [demonic ancestry]
   279 | D:1      | Reached XP level 2. HP: 24/24 MP: 2/2
   536 | D:1      | Reached skill level 1 in Throwing
   744 | D:1      | Found Husayvos's Antique Weapon Emporium.
  1437 | D:2      | Found a faded altar of an unknown god.
  1472 | D:2      | Reached XP level 3. HP: 29/29 MP: 4/4
  1787 | D:2      | Reached skill level 1 in Evocations
  2732 | D:3      | Gained mutation: Your touch may inflict irresistible damage
                  | on your foes. [demonic ancestry]
  2732 | D:3      | Reached XP level 4. HP: 32/34 MP: 5/5
  3433 | D:3      | Reached XP level 5. HP: 29/41 MP: 6/6
  3508 | D:3      | Reached skill level 1 in Stealth
  4496 | D:4      | Noticed an ogre
  4509 | D:4      | Killed an ogre
  4510 | D:4      | Gained mutation: You are partially covered in thin metallic
                  | scales. (AC +2) [demonic ancestry]
  4510 | D:4      | Reached XP level 6. HP: 9/47 MP: 8/8
  4962 | D:4      | Found Qegyb's Assorted Antiques.
  5041 | D:4      | Bought a scroll labelled XECUUNO VOAGH for 26 gold pieces
  5041 | D:4      | Bought a metallic red potion for 23 gold pieces
  5041 | D:4      | Bought a scroll labelled XUCLOSS TEACES for 26 gold pieces
  5041 | D:4      | Bought a smoky puce potion for 23 gold pieces
  5041 | D:4      | Bought an emerald potion for 23 gold pieces
  5594 | D:5      | Entered Level 5 of the Dungeon
  5617 | D:5      | Found a shimmering blue altar of Sif Muna.
  5623 | D:5      | Noticed an ice beast
  5741 | D:5      | Gained mutation: You are mostly covered in thin metallic
                  | scales. (AC +3) [demonic ancestry]
  5741 | D:5      | Reached XP level 7. HP: 52/53 MP: 9/9
  5787 | D:5      | Noticed Edmund
  5817 | D:5      | Killed Edmund
  5926 | D:5      | Found a sand-covered staircase.
  5927 | D:5      | Noticed Pikel
  5935 | D:5      | Killed by an exploding mummy... ignited by their inner
                  | flame

Illustrated notes

Levels and vault maps discovered:
D:1:      dpeg_arrival_lava_temple_mockup, layout_basic, serial_shops,
          nicolae_shop_stone
D:2:      layout_basic, shapermc_ecumenical_altar_pompeii,
          minmay_split_cup_large
D:3:      layout_basic, serial_corexii_hall, corexii_hall_statues_i,
          chequers_hall_statues_wall_a, corexii_hall_statues_l,
          corexii_hall_statues_x
D:4:      layout_loops_corners, serial_shops, shop
D:5:      layout_basic, cheibrodos_worm_habitat, cheibrodos_ashenzari_chains,
          mainiacjoe_overflow_catwalk_spiral, nicolae_ossuary_entry_giza,
          uniq_edmund, uniq_pikel

Skill      XL: |  1  2  3  4  5  6  7 |
---------------+----------------------+-----
Invocations    | 1 2 3 |  3.9
Throwing       | 1 2 |  2.7
Evocations     | 1 2 3 |  3.0
Axes           | 2 3 |  3.7
Armour         | 3 |  3.8
Stealth        | 1 |  1.3
Shields        | 3 |  3.5
Fighting       | |  3.8
Dodging        | |  0.8

Action                   |  1- 3 |  4- 6 |  7- 9 || total
-------------------------+-------+-------+-------++-------
Melee: War axe           |   141 |    91 |    52 ||   284
Evoke: Wand              |       |     6 |       ||     6
  Use: Potion            |     3 |     3 |     1 ||     7
       Scroll            |       |       |     6 ||     6
 Stab: Invisible         |     3 |     1 |       ||     4
Armor: Scale mail        |    74 |     9 |       ||    83
       Plate armour      |       |    31 |    23 ||    54
       Chain mail        |       |       |     6 ||     6
Dodge: Dodged            |    79 |    25 |    12 ||   116
Block: Buckler           |    39 |    35 |    23 ||    97
